 Dungeon Crawl Stone Soup version 0.21.1-1-g345015f (webtiles) character file.

70 tidbits the Grave Robber (level 4, 0/32 HPs)
             Began as a Gnoll Necromancer on June 26, 2018.
             Was an Initiate of Cheibriados.
             Slain by Edmund
             ... wielding a +1 flail of protection
              (7 damage)
             ... on level 4 of the Dungeon.
             The game lasted 00:05:18 (585 turns).

tidbits the Grave Robber (Gnoll Necromancer)         Turns: 585, Time: 00:05:19

Health: 0/32       AC:  2    Str: 11    XL:     4   Next: 21%
Magic:  6/11       EV: 15    Int: 20    God:    Cheibriados [......]
Gold:   30         SH:  0    Dex: 16    Spells: 5/13 levels left

rFire    . . .     SeeInvis +   k - -1 hand axe (curse)
rCold    . . .     Gourm    .   (no shield)
rNeg     . . .     Faith    .   a - +0 robe
rPois    .         Spirit   .   (no helmet)
rElec    .         Reflect  .   (no cloak)
rCorr    .         Harm     .   (no gloves)
MR       .....     Rnd*Tele +   (no boots)
Stlth    +++.......             R - amulet of magic regeneration
HPRegen  0.10/turn              s - ring of teleportation (curse)
MPRegen  0.37/turn              t - ring of see invisible

@: very slow
A: distributed training, fangs 1, strong nose
a: Bend Time, Renounce Religion


You were on level 4 of the Dungeon.
You worshipped Cheibriados.
Cheibriados was noncommittal.
You were not hungry.

You visited 2 branches of the dungeon, and saw 5 of its levels.
You also visited: Sewer.

You collected 30 gold pieces.

Inventory:

Hand Weapons
 k - a cursed -1 hand axe (weapon)
 n - a +0 hunting sling
 p - a +0 blowgun
Missiles
 d - 10 tomahawks (quivered)
 e - 50 stones
 q - 6 poisoned needles
 u - 9 arrows
Armour
 a - a +0 robe (worn)
Jewellery
 s - a cursed ring of teleportation (left hand)
   (You found it on level 3 of the Dungeon)
 t - a ring of see invisible (right hand)
   (You found it on level 3 of the Dungeon)
 R - an amulet of magic regeneration (around neck)
   (You found it on level 1 of the Dungeon)
Wands
 m - a wand of random effects (25)
 r - a wand of flame (22)
Scrolls
 f - 2 scrolls of identify {unknown}
 j - a scroll of enchant weapon {unknown}
 o - a scroll of enchant armour {unknown}
Potions
 h - a potion of degeneration {unknown}
 i - a potion of curing {unknown}
Books
 b - a book of Necromancy

   Spells                             Type                      Level
   a - Pain                           Necromancy                   1
   b - Animate Skeleton               Necromancy                   1
   c - Vampiric Draining              Necromancy                   3
   d - Regeneration                   Charms/Necromancy            3
   e - Animate Dead                   Necromancy                   4
   f - Borgnjor's Vile Clutch         Necromancy/Earth             5
 l - a book of Cantrips
   (You found it on level 2 of the Dungeon)

   Spells                             Type                      Level
   a - Confusing Touch                Hexes                        1
   b - Animate Skeleton               Necromancy                   1
   c - Summon Small Mammal            Summoning                    1
   d - Apportation                    Translocation                1
Comestibles
 c - 4 rations


   Skills:
 + Level 1.0 Fighting
 + Level 1.0 Short Blades
 + Level 1.0 Long Blades
 + Level 1.0 Axes
 + Level 1.0 Maces & Flails
 + Level 1.0 Polearms
 + Level 1.0 Staves
 + Level 1.0 Slings
 + Level 1.0 Bows
 + Level 1.0 Crossbows
 + Level 1.0 Throwing
 + Level 1.0 Armour
 + Level 4.6 Dodging
 + Level 4.2 Stealth
 + Level 1.0 Shields
 + Level 1.0 Unarmed Combat
 + Level 5.0 Spellcasting
 + Level 0.8 Conjurations
 + Level 0.8 Hexes
 + Level 0.8 Charms
 + Level 0.8 Summonings
 + Level 7.1 Necromancy
 + Level 0.8 Translocations
 + Level 0.8 Transmutations
 + Level 0.8 Fire Magic
 + Level 0.8 Ice Magic
 + Level 0.8 Air Magic
 + Level 0.8 Earth Magic
 + Level 0.8 Poison Magic
 + Level 1.1 Invocations
 + Level 1.0 Evocations


You had 5 spell levels left.
You knew the following spells:

 Your Spells              Type           Power        Failure   Level  Hunger
a - Pain                  Necr           ####         1%          1    None
d - Vampiric Draining     Necr           ####......   1%          3    ##.....
n - Animate Skeleton      Necr           N/A          1%          1    None
r - Regeneration          Chrm/Necr      ###.......   7%          3    ##.....


Dungeon Overview and Level Annotations

Branches:
Dungeon (4/15)             Temple (1/1) D:4

Altars:
Ashenzari
Cheibriados
Elyvilon
Fedhas
Kikubaaqudgha
Xom
Yredelemnul
The Shining One

Annotations:
D:4 Edmund


Innate Abilities, Weirdness & Mutations

Your experience applies equally to all skills.
You have very sharp teeth.
Your uncanny sense of smell can sniff out nearby items.


Message History

The bullfrog skeleton hits you. The orc misses you.
The bullfrog skeleton completely misses you.
The orc misses you.
A hobgoblin comes into view.
There is a staircase to the Ecumenical Temple here.
The bullfrog skeleton hits you.
The bullfrog skeleton closely misses you.
The orc hits you with a hand axe. The bullfrog skeleton misses you.
The bullfrog skeleton closely misses you.
The bullfrog skeleton hits you.
Casting: Pain
Confirm with . or Enter, or press ? or * to list all spells.
Your skin crawls.
The bullfrog skeleton hits you.
* * * LOW HITPOINT WARNING * * *
Evoke which item? (* to show all) (? for menu, Esc to quit)
Aiming: Throw Flame
Press: ? - help, Shift-Dir - straight line, f - bullfrog skeleton
Aim: a bullfrog skeleton The puff of flame hits the bullfrog skeleton.
The bullfrog skeleton is lightly damaged.
Your skin is crawling a little less now.
The bullfrog skeleton misses you.
The bullfrog skeleton closely misses you.
It was a potion of ambrosia.
You are confused.
You feel invigorated.
You are suddenly yanked towards a nearby monster!
Your surroundings suddenly seem different.
Edmund the Younger comes into view.
He is wielding a flail of protection.
Edmund shouts!
Found a stone staircase leading down.
You bump into the rock wall.
Your skin stops crawling.
You bump into the rock wall.
You bump into the rock wall.
Edmund gestures with his flail.
Edmund misses you.
Unknown command.
You feel less invigorated.
You feel less confused.
Edmund hits you with a flail of protection.
Casting: Regeneration
Confirm with . or Enter, or press ? or * to list all spells.
Aiming: Pain
Press: ? - help, Shift-Dir - straight line, f - Edmund
Aim: Edmund, wielding a flail of protection and wearing a chain mail (chance to defeat MR: 84%) Edmund writhes in agony!
Edmund barely misses you.
Casting: Pain
Confirm with . or Enter, or press ? or * to list all spells.
Aiming: Pain
Press: ? - help, Shift-Dir - straight line, f/p - Edmund
Aim: Edmund, wielding a flail of protection and wearing a chain mail (lightly wounded, chance to defeat MR: 84%) Edmund writhes in agony!
Edmund completely misses you.
Casting: Pain
Confirm with . or Enter, or press ? or * to list all spells.
Aiming: Pain
Press: ? - help, Shift-Dir - straight line, f/p - Edmund
Aim: Edmund, wielding a flail of protection and wearing a chain mail (lightly wounded, chance to defeat MR: 84%) Edmund writhes in agony!
Edmund asks, "Have you met my wondrous brother?"
Edmund misses you.
Casting: Pain
Confirm with . or Enter, or press ? or * to list all spells.
Aiming: Pain
Press: ? - help, Shift-Dir - straight line, f/p - Edmund
Aim: Edmund, wielding a flail of protection and wearing a chain mail (moderately wounded, chance to defeat MR: 84%) Edmund barely resists.
Edmund hits you with a flail of protection.
Casting: Pain
Confirm with . or Enter, or press ? or * to list all spells.
Aiming: Pain
Press: ? - help, Shift-Dir - straight line, f/p - Edmund
Aim: Edmund, wielding a flail of protection and wearing a chain mail (moderately wounded, chance to defeat MR: 84%) Edmund writhes in agony!
Casting: Pain
Confirm with . or Enter, or press ? or * to list all spells.
Aiming: Pain
Press: ? - help, Shift-Dir - straight line, f/p - Edmund
Aim: Edmund, wielding a flail of protection and wearing a chain mail (heavily wounded, chance to defeat MR: 84%) Edmund writhes in agony!
Edmund says, "You wouldn't believe how much I paid for this flail."
Edmund hits you with a flail of protection.
* * * LOW HITPOINT WARNING * * *
Casting: Pain
Confirm with . or Enter, or press ? or * to list all spells.
Aiming: Pain
Press: ? - help, Shift-Dir - straight line, f/p - Edmund
Aim: Edmund, wielding a flail of protection and wearing a chain mail (heavily wounded, chance to defeat MR: 84%) Edmund writhes in agony!
Edmund hits you with a flail of protection.
* * * LOW HITPOINT WARNING * * *
Casting: Pain
Confirm with . or Enter, or press ? or * to list all spells.
Aiming: Pain
Press: ? - help, Shift-Dir - straight line, f/p - Edmund
Aim: Edmund, wielding a flail of protection and wearing a chain mail (heavily wounded, chance to defeat MR: 84%) Edmund writhes in agony!
Edmund hits you with a flail of protection!
You die...

##########
.......@.#
########@#
#.# #.#
#># #.#
..# #.#
#.#


You could see Edmund.

Vanquished Creatures
  Terence (D:2)
  An adder (D:2)
  2 oozes (D:1)
  A worm (D:3)
  A leopard gecko (D:2)
  2 ball pythons
  2 giant cockroaches (D:3)
  4 goblins
  2 hobgoblins
  2 jackals (D:3)
  A bat (D:2)
  A frilled lizard (D:1)
  2 kobolds
  2 rats (D:1)
24 creatures vanquished.

Notes
Turn   | Place    | Note
-------+----------+-------------------------------------------
     0 | D:1      | tidbits the Gnoll Necromancer began the quest for the Orb.
     0 | D:1      | Reached XP level 1. HP: 13/13 MP: 6/6
    54 | D:1      | Reached XP level 2. HP: 3/19 MP: 0/7
    57 | D:1      | Learned a level 1 spell: Animate Skeleton
   200 | D:2      | Reached skill level 5 in Spellcasting
   200 | D:2      | Reached XP level 3. HP: 3/25 MP: 4/9
   205 | D:2      | Learned a level 3 spell: Regeneration
   210 | D:2      | Learned a level 3 spell: Vampiric Draining
   230 | D:2      | Noticed Terence
   241 | D:2      | Killed Terence
   241 | D:2      | Reached skill level 1 in Fighting
   241 | D:2      | Reached skill level 1 in Short Blades
   241 | D:2      | Reached skill level 1 in Long Blades
   241 | D:2      | Reached skill level 1 in Axes
   241 | D:2      | Reached skill level 1 in Maces & Flails
   241 | D:2      | Reached skill level 1 in Polearms
   241 | D:2      | Reached skill level 1 in Staves
   241 | D:2      | Reached skill level 1 in Slings
   241 | D:2      | Reached skill level 1 in Bows
   241 | D:2      | Reached skill level 1 in Crossbows
   241 | D:2      | Reached skill level 1 in Throwing
   241 | D:2      | Reached skill level 1 in Armour
   241 | D:2      | Reached skill level 1 in Shields
   241 | D:2      | Reached skill level 1 in Unarmed Combat
   241 | D:2      | Reached skill level 1 in Invocations
   241 | D:2      | Reached skill level 1 in Evocations
   267 | D:2      | Reached XP level 4. HP: 30/32 MP: 7/11
   341 | D:3      | Found a glowing drain.
   408 | Sewer    | Entered a sewer
   494 | D:4      | Noticed an ogre
   499 | D:4      | Found a staircase to the Ecumenical Temple.
   506 | Temple   | Entered the Ecumenical Temple
   533 | Temple   | Became a worshipper of Cheibriados the Contemplative
   570 | D:4      | Noticed Edmund
   585 | D:4      | Slain by Edmund

Skill      XL: |  1  2  3 |
---------------+----------+-----
Spellcasting   | 5 |  5.0
Fighting       | 1 |  1.0
Short Blades   | 1 |  1.0
Long Blades    | 1 |  1.0
Axes           | 1 |  1.0
Maces & Flails | 1 |  1.0
Polearms       | 1 |  1.0
Staves         | 1 |  1.0
Slings         | 1 |  1.0
Bows           | 1 |  1.0
Crossbows      | 1 |  1.0
Throwing       | 1 |  1.0
Armour         | 1 |  1.0
Shields        | 1 |  1.0
Unarmed Combat | 1 |  1.0
Invocations    | 1 |  1.1
Evocations     | 1 |  1.0
Dodging        | |  4.6
Stealth        | |  4.2
Conjurations   | |  0.8
Hexes          | |  0.8
Charms         | |  0.8
Summonings     | |  0.8
Necromancy     | |  7.1
Translocations | |  0.8
Transmutations | |  0.8
Fire Magic     | |  0.8
Ice Magic      | |  0.8
Air Magic      | |  0.8
Earth Magic    | |  0.8
Poison Magic   | |  0.8

Action                   |  1- 3 |  4- 6 || total
-------------------------+-------+-------++-------
 Cast: Pain              |    35 |    29 ||    64
       Regeneration      |     2 |     1 ||     3
Evoke: Wand              |       |     1 ||     1
  Use: Potion            |       |     1 ||     1
Dodge: Dodged            |     1 |    15 ||    16

Table legend:
 A = Turns spent in this place as a percentage of turns spent in the entire game.
 B = Non-inter-level travel turns spent in this place as a percentage of non-inter-level travel turns spent in the entire game.
 C = Inter-level travel turns spent in this place as a percentage of turns spent in this place.
 D = Turns resting spent in this place as a percentage of non-inter-level travel turns spent in this place.
 E = Turns spent auto-exploring this place as a percentage of non-inter-level travel turns spent in this place.
 F = Non-inter-level travel turns spent in this place divided by the number of levels of this place that you've seen.
                   A       B       C       D       E      F
               +-------+-------+-------+-------+-------+----------------------
         Total | 100.0 | 100.0 |   4.1 |   0.0 |   0.0 |  93.5
       Dungeon |  90.3 |  94.1 |   0.0 |   0.0 |   0.0 | 132.0
        Temple |   9.1 |   5.2 |  45.3 |   0.0 |   0.0 |  29.0
         Sewer |   0.7 |   0.7 |   0.0 |   0.0 |   0.0 |   4.0
               +-------+-------+-------+-------+-------+----------------------

Table legend:
 A = Kills in this place as a percentage of kills in entire the game.
 B = Kills by you in this place as a percentage of kills by you in the entire game.
 C = Kills by friends in this place as a percentage of kills by friends in the entire game.
 D = Other kills in this place as a percentage of other kills in the entire game.
 E = Experience gained in this place as a percentage of experience gained in the entire game.
 F = Experience gained in this place divided by the number of levels of this place that you have seen.
                   A       B       C       D       E      F
               +-------+-------+-------+-------+-------+----------------------
         Total | 100.0 | 100.0 |   N/A |   N/A | 100.0 |  16.7
       Dungeon | 100.0 | 100.0 |   N/A |   N/A | 100.0 |  25.0
               +-------+-------+-------+-------+-------+----------------------

Vault maps used:
D:1:      dpeg_arrival_refuge, minmay_rat_gold_closets
D:2:      cheibrodos_old_hovel, overflow_temple_1_default,
          chequers_ecumenical_altar_twisty, first_ration, nemelex_altar_shiori,
          uniq_crazy_yiuf_cottage, uniq_terence
D:3:      minmay_roachtagon, cheibrodos_sewer_entry_drain,
          nicolae_dithmenos_shadow_blocks
D:4:      wad_lake_hut, minmay_temple_entry_glass, serial_shops, shop,
          uniq_edmund, uniq_robin, uniq_grinder
Temple:   regret_index_temple_sphere_string
Sewer:    sewer_co_cracked_pipes
